 Dungeon Crawl Stone Soup version 0.24.0-37-gcf1ca852f1 (webtiles) character file.

Game seed: 12235226119206864969, levelgen mode: deterministic

770 Delamore the Cleaver (level 7, -7/57 HPs)
             Began as a Hill Orc Fighter on Nov 23, 2019.
             Was a Follower of Okawaru.
             Mangled by a large abomination (32 damage)
             ... on level 1 of the Abyss.
             The game lasted 00:06:45 (4382 turns).

Delamore the Cleaver (Hill Orc Fighter)             Turns: 4382, Time: 00:06:46

Health: -7/57      AC: 11    Str: 21    XL:     7   Next: 83%
Magic:  7/7        EV:  6    Int:  8    God:    Okawaru [*.....]
Gold:   249        SH:  0    Dex: 10    Spells: 6/6 levels left

rFire    + . .     SeeInvis .   n - +5 scythe (vamp)
rCold    x . .     Gourm    .   (shield currently unavailable)
rNeg     . . .     Faith    .   k - +0 plate armour
rPois    .         Spirit   .   (no helmet)
rElec    .         Reflect  .   (no cloak)
rCorr    .         Harm     .   (no gloves)
MR       .....                  (no boots)
Stlth    ..........             q - amulet of regeneration
HPRegen  0.59/turn              m - ring of flight
MPRegen  0.10/turn              y - ring of fire

@: no status effects
A: no striking features
a: Heroism, Renounce Religion, Evoke Flight


You were on level 1 of the Abyss.
You worshipped Okawaru.
Okawaru was aware of your devotion.
You were not hungry.

You visited 2 branches of the dungeon, and saw 5 of its levels.
You visited the Abyss 1 time.
You also visited: Sewer.

You collected 299 gold pieces.
You spent 50 gold pieces at shops.

Inventory:

Hand Weapons
 a - a +0 war axe
 n - a +5 vampiric scythe (weapon)
Armour
 b - a +0 scale mail
 c - a +0 shield
 k - a +0 plate armour (worn)
Jewellery
 m - a ring of flight (left hand)
 q - an amulet of regeneration (around neck)
 y - a ring of fire (right hand)
Wands
 v - a wand of polymorph (10)
 z - a wand of flame (7)
 A - a wand of paralysis (6)
Scrolls
 e - 5 scrolls of identify {unknown}
 i - 7 scrolls of remove curse
 o - 4 scrolls of teleportation {unknown}
 t - 2 scrolls of fear {unknown}
 u - a scroll of blinking {unknown}
 x - a scroll of enchant weapon {unknown}
Potions
 d - 2 potions of might
 g - a potion of mutation {unknown}
 h - 4 potions of degeneration {unknown}
 j - a potion of haste {unknown}
 l - 3 potions of heal wounds
 p - a potion of lignification {unknown}
 r - a potion of flight {unknown}
 s - a potion of invisibility {unknown}
 w - 4 potions of curing {unknown}
 B - a potion of brilliance {unknown}
Comestibles
 f - 8 rations


   Skills:
 - Level 3.6 Fighting
 + Level 11.1 Axes
 - Level 3.2 Armour
 - Level 3.2 Shields


You had 6 spell levels left.
You didn't know any spells.
Your spell library contained the following spells:

 Spells                   Type           Power        Failure   Level  Hunger
 Force Lance              Conj/Tloc      #.......     100%        4    #####..
 Lightning Bolt           Conj/Air       #.........   100%        5    ######.
 Venom Bolt               Conj/Pois      #.........   100%        5    ######.
 Bolt of Cold             Conj/Ice       #.........   100%        6    #######


Dungeon Overview and Level Annotations

Branches:
Dungeon (4/15)             Temple (1/1) D:4           Sewer (visited)

Altars:
Fedhas
Gozag
Hepliaklqana
Kikubaaqudgha
Makhleb
Nemelex Xobeh
Okawaru
Qazlal
Ru
Trog
Vehumet
Wu Jian
Xom
Yredelemnul
Zin
The Shining One

Shops:
D:4 !


Message History

You closely miss the big kobold.
The big kobold hits you but does no damage.
You are cast into the Abyss!
To return, you must find a gate leading back.
Killing monsters will force the Abyss to allow you passage.
This branch contains the abyssal rune of Zot.
Found a glistering book.
You pick up the Volume of Attacks and begin reading...
You add the spells Force Lance, Lightning Bolt, Venom Bolt and Bolt of Cold to your library.
You are near starving!
You eat one of the 9 rations.
That ration really hit the spot!
B - a blue potion You now have 249 gold pieces (gained 18).
A large abomination comes into view.
Found 14 gold pieces.
The large abomination hits you!!
Ouch! That really hurt!
The large abomination hits you!!
Ouch! That really hurt!
You die...

#..#.
#..##.##
#.....#.#...#
.#. ....###
...#.#....#
#...##...#
#.....##
#.#.###
#.#..X.#
#.##.@## #
##....#
##..#.# .#..
....# #.#.#
#. . ....


You could see a large abomination.

Vanquished Creatures
  Sigmund (D:2)
  The ghost of Peloso the Slasher, an amateur MiFi (D:4)
  Purgy (Sewer)
  A howler monkey (D:4)
  2 hounds (D:4)
  2 orc priests
  An iguana (D:4)
  2 worker ants (D:4)
  A howler monkey skeleton (D:4)
  4 gnolls (D:4)
  An adder (D:4)
  2 oozes (D:1)
  A worm (D:2)
  A dart slug (D:1)
  2 leopard geckos (D:3)
  6 orcs
  3 ball pythons
  9 bats
  6 giant cockroaches
  5 goblins
  8 hobgoblins
  7 kobolds
  8 frilled lizards
  2 gnoll zombies (D:3)
  7 rats
84 creatures vanquished.

Vanquished Creatures (others)
  2 fungi (D:4)
  A plant (D:4)
3 creatures vanquished.

Grand Total: 87 creatures vanquished

Notes
Turn   | Place    | Note
-------+----------+-------------------------------------------
     0 | D:1      | Delamore the Hill Orc Fighter began the quest for the Orb.
     0 | D:1      | Reached XP level 1. HP: 19/19 MP: 1/1
    79 | D:1      | Reached skill level 3 in Axes
   153 | D:1      | Reached XP level 2. HP: 15/26 MP: 2/2
   158 | D:1      | Reached skill level 4 in Axes
   607 | D:1      | Reached XP level 3. HP: 31/31 MP: 3/3
  1086 | D:2      | Reached skill level 5 in Axes
  1180 | D:2      | Noticed Sigmund
  1197 | D:2      | Killed Sigmund
  1197 | D:2      | Reached skill level 7 in Axes
  1197 | D:2      | Reached XP level 4. HP: 24/39 MP: 4/4
  1197 | D:2      | Reached XP level 5. HP: 28/45 MP: 5/5
  2007 | D:3      | Reached skill level 8 in Axes
  2007 | D:3      | Reached XP level 6. HP: 26/51 MP: 6/6
  2089 | D:3      | Found a glowing drain.
  2100 | Sewer    | Entered a sewer
  2190 | Sewer    | Noticed Purgy
  2211 | Sewer    | Killed Purgy
  2211 | Sewer    | Reached skill level 9 in Axes
  2746 | D:3      | Found a sparkling altar of Nemelex Xobeh.
  2746 | D:3      | Found a glowing silver altar of Zin.
  2801 | D:3      | Found a basalt altar of Yredelemnul.
  2948 | D:4      | Found a staircase to the Ecumenical Temple.
  3009 | Temple   | Entered the Ecumenical Temple
  3182 | Temple   | Became a worshipper of Warmaster Okawaru
  3344 | D:4      | Reached XP level 7. HP: 55/57 MP: 7/7
  3370 | D:4      | Found Sexeaho's Distillery.
  3378 | D:4      | Bought a potion of heal wounds for 50 gold pieces
  3437 | D:4      | Reached skill level 10 in Axes
  3841 | D:4      | Found a runed translucent gate.
  3841 | D:4      | Found a runed translucent gate.
  3847 | D:4      | Identified the +7 whip of Deolia {pain, +Inv rN+}
  3848 | D:4      | Found a runed translucent gate.
  3848 | D:4      | Noticed Peloso's ghost (amateur MiFi)
  4168 | D:4      | Killed Peloso's ghost
  4168 | D:4      | Reached * piety under Okawaru
  4168 | D:4      | Reached skill level 11 in Axes
  4307 | D:4      | Cast into level 1 of the Abyss (big kobold)
  4308 | Abyss:1  | Identified the Volume of Attacks
  4368 | Abyss:1  | Noticed a large abomination
  4382 | Abyss:1  | Mangled by a large abomination

Levels and vault maps discovered:
D:1:      giann_bridges, layout_loops_ring, chequers_serial_rivers_micro_c
D:2:      minmay_wonky_spiral, layout_basic, uniq_sigmund
D:3:      layout_basic, lemuel_zombie_altar_yredelemnul,
          chequers_temple_overflow_statue_of_worship, first_ration,
          portal_sewer_entry_f
D:4:      layout_loops_corners, minmay_temple_entry_wispy, serial_shops, shop,
          gammafunk_ghost_nasty_kobolds, guppyfry_early_lair_pool
Temple:   nicolae_temple_figure_eight
Abyss:1:  base:
D:10

Skill      XL: |  1  2  3  4  5  6  7 |
---------------+----------------------+-----
Axes           | 3 4 7 8 9 11 | 11.1
Fighting       | |  3.6
Armour         | |  3.2
Shields        | |  3.2

Action                   |  1- 3 |  4- 6 |  7- 9 || total
-------------------------+-------+-------+-------++-------
Melee: War axe           |    94 |       |       ||    94
       Scythe            |       |   124 |    62 ||   186
  Use: Scroll            |       |     1 |       ||     1
  Eat: Chunk             |     1 |     7 |     2 ||    10
       Ration            |       |       |     1 ||     1
Armor: Scale mail        |    21 |       |       ||    21
       Plate armour      |    32 |   180 |    57 ||   269
Dodge: Dodged            |    24 |    58 |    24 ||   106
Block: Shield            |    49 |       |       ||    49
